 Dungeon Crawl Stone Soup version 0.31-a0-744-gbc345e7fcb (webtiles) character file.

Game seed: 10247943282550464732

283268 rjrrt the Executioner (level 19, -1/262 (274) HPs)
             Began as a Minotaur Berserker on Sept 14, 2023.
             Was the Champion of Trog.
             Slain by a +3 halberd of distortion (13 damage)
             ... animated by Zenata
             ... on level 1 of the Crypt.
             The game lasted 01:26:09 (31360 turns).

rjrrt the Executioner (Minotaur Berserker)         Turns: 31360, Time: 01:26:09

HP:   -1/262 (274)  AC: 44    Str: 39    XL:     19   Next: 75%
MP:   10/27         EV: 20    Int:  4    God:    Trog [******]
Gold: 1438          SH: 13    Dex: 12    Spells: 18/18 levels left

rFire   + + .        a - +5 broad axe (heavy)
rCold   + . .        S - +0 kite shield {AC+3}
rNeg    . . .        O - +7 plate armour "Hasketia" {Fly rPois Str+2 Int+2}
rPois   +            R - +4 hat of Existentialism {rElec rF+ Str+2}
rElec   +            P - +2 cloak {rCorr}
rCorr   +            l - +2 pair of gloves
SInv    .            c - +2 pair of boots
Will    +....        r - amulet of regeneration Stlth
                     H - ring of Abuakh {rPois rF+ EV+5 Str+5 Int-2}
HPRegen 1.43/turn    z - ring of Siekeoce {+Blink rC+ rCorr MP+9 Str+2}
MPRegen 0.20/turn

%: no passive effects
@: berserking, flying, lightly drained, very quick
A: horns 2, retaliatory headbutt
}: 2/15 runes: decaying, serpentine
a: Renounce Religion, Evoke Blink, Berserk, Trog's Hand, Brothers in Arms


You were on level 1 of the Crypt.
You worshipped Trog.
Trog was exalted by your worship.
You visited 7 branches of the dungeon, and saw 33 of its levels.
You also visited: Sewer and Bailey.

You collected 3463 gold pieces.
You spent 2025 gold pieces at shops.

Inventory:

Hand Weapons
 a - a +5 heavy broad axe (weapon)
 b - a +0 trident of venom
 f - a +9 broad axe of flaming
 m - a +3 antimagic broad axe
 L - a +3 broad axe of flaming
Missiles
 s - 10 javelins (quivered)
 u - 10 boomerangs
Armour
 c - a +2 pair of boots (worn)
 l - a +2 pair of gloves (worn)
 O - the +7 plate armour "Hasketia" (worn) {Fly rPois Str+2 Int+2}
   (You found it on level 4 of the Swamp)

   Str+2:     It affects your strength (+2).
   Int+2:     It affects your intelligence (+2).
   rPois:     It protects you from poison Fly: It grants you flight.
 P - a +2 cloak of preservation (worn)
 R - the +4 hat of Existentialism (worn) {rElec rF+ Str+2}
   (You found it on level 4 of the Snake Pit)

   Str+2:     It affects your strength (+2).
   rF+:       It protects you from fire.
   rElec:     It insulates you from electricity.
 S - a +0 kite shield of protection (worn)
Jewellery
 d - an amulet of the acrobat
 r - an amulet of regeneration (around neck)
 z - the ring of Siekeoce (right hand) {+Blink rC+ rCorr MP+9 Str+2}
   (You bought it in a shop on level 2 of the Snake Pit)

   [ring of magical power]

   Str+2:     It affects your strength (+2).
   rC+:       It protects you from cold.
   MP+9:      It affects your magic capacity (+9).
   +Blink:    It lets you blink.
   rCorr:     It protects you from acid and corrosion.
 H - the ring of Abuakh (left hand) {rPois rF+ EV+5 Str+5 Int-2}
   (You bought it in a shop on level 2 of the Snake Pit)

   [ring of evasion]

   EV+5:      It affects your evasion (+5).
   Str+5:     It affects your strength (+5).
   Int-2:     It affects your intelligence (-2).
   rF+:       It protects you from fire.
   rPois:     It protects you from poison
Wands
 e - a wand of mindburst (8)
 t - a wand of acid (33)
 B - a wand of flame (39)
 E - a wand of digging (28)
 I - a wand of polymorph (4)
 J - a wand of roots (12)
 K - a wand of charming (4)
Scrolls
 k - 7 scrolls of revelation
 p - 21 scrolls of teleportation
 q - 8 scrolls of fear
 y - 5 scrolls of blinking
 A - 3 scrolls of summoning
 F - 10 scrolls of fog
 G - 20 scrolls of identify
Potions
 g - 13 potions of curing
 h - 11 potions of heal wounds
 i - 5 potions of attraction
 j - 2 potions of haste
 n - 4 potions of resistance
 o - a potion of berserk rage
 v - 3 potions of enlightenment
 w - 2 potions of lignification
 x - 5 potions of invisibility
 C - 4 potions of mutation
 D - 6 potions of might
 Q - 2 potions of cancellation


   Skills:
 * Level 19.4 Fighting
 + Level 22.4 Axes
 + Level 18.7 Armour
 + Level 16.6 Dodging
 + Level 16.0 Shields
 + Level 9.6 Evocations


You had 18 spell levels left.
You didn't know any spells.
Your spell library was empty.

Dungeon Overview and Level Annotations

Branches:
Dungeon (15/15)            Temple (0/1) D:5            Lair (5/5) D:11
  Swamp (4/4) Lair:3        Snake (4/4) Lair:2        Slime (0/5) Lair:4
    Orc (2/2) D:10         Vaults (2/5) D:13          Crypt (1/3) Vaults:2
 Depths (0/4) D:15          Sewer (visited)          Bailey (visited)
    Elf: Orc:2

Altars:
Cheibriados
Kikubaaqudgha
Makhleb
Qazlal
Trog
Wu Jian
Xom
Yredelemnul
Zin
Jiyva

Shops:
D:1 [   D:2 =(?   D:6 !   Orc:1 !   Snake:2 ==[:

Annotations:
Swamp:4 2 transporters, HilariousDeathArtist's ghost, adept HOAr
Crypt:1 Zenata


Innate Abilities, Weirdness & Mutations

You have a pair of horns on your head.
You reflexively headbutt those who attack you in melee.


Message History

Unknown command.
You barely miss the +0 heavy glaive. You carve Zenata like a ham!!!
You closely miss the +3 halberd of distortion.
You block the +3 halberd of distortion's attack.
The +5 antimagic glaive hits you but does no damage.
The +0 heavy glaive hits you.
* * * LOW HITPOINT WARNING * * *
The +3 halberd of distortion misses you.
The +5 antimagic glaive hits you from afar.
* * * LOW HITPOINT WARNING * * *
Zenata barely misses you. You furiously retaliate!
You headbutt Zenata!
Unknown command.
Unknown command.
A red film seems to cover your vision as you go berserk!
You feel yourself moving faster!
You feel mighty!
The +3 halberd of distortion misses you.
The +5 antimagic glaive hits you from afar!
* * * LOW HITPOINT WARNING * * *
You feel your power leaking away. You block the +0 heavy glaive's attack.
The +3 halberd of distortion hits you but does no damage.
Space warps horribly around you!
* * * LOW HITPOINT WARNING * * *
Zenata closely misses you.
The +5 antimagic glaive hits you from afar!
* * * LOW HITPOINT WARNING * * *
You feel your power leaking away.
You cut Zenata into ribbons!!!!
Zenata is almost dead.
You slash the +3 halberd of distortion! You closely miss the +0 heavy glaive.
The +3 halberd of distortion hits you but does no damage.
You block the +0 heavy glaive's attack.
You block the +5 antimagic glaive's attack.
Unknown command.
You barely miss Zenata.
Zenata is almost dead.
You slice the +0 heavy glaive!!
You barely miss the +3 halberd of distortion.
The +3 halberd of distortion hits you!
You die...

>.......#'## # ##'
...........# ..# ##..
.......$...# ..# ##...
.......)...# ..# #....
...(.......####..# #...[
...........#.....# #....
#..........#..#.####....
##...(((a..'.......'....
##....@...'.......'....
##.......#..######....
##......#..# ##...
####''##..# #++#
#..##..# ####..#
####..##..# #......
#.....##..# #......
#.)#####..# #.##..#
#.......... .....


You could see Zenata and 3 dancing weapons.

Vanquished Creatures
  Vashnia (Snake:4)
  Nikola (Swamp:2)
  The ghost of soul19 the Prince of Secrets, an adept GnIE of Ashenzari (Swamp:2)
  A tentacled monstrosity (Swamp:4)
  Mlioglotl (Swamp:3)
  Asterion (Vaults:1)
  An ancient champion (Crypt:1)
  A thorn hunter (Swamp:3)
  A revenant (Crypt:1)
  5 nagarajas (Snake:4)
  A fire giant (Vaults:1)
  The ghost of Pairoch the Cleaver, a journeyman DsFi of Qazlal (Snake:4)
  3 vault wardens (Vaults:2)
  A juggernaut zombie (Crypt:1)
  3 ghouls (Crypt:1)
  A curse skull (Crypt:1)
  6 ironbound preservers
  3 war gargoyles (Vaults:2)
  3 ironbound thunderhulks
  3 formless jellyfish
  5 eleionomae
  7 dire elephants (Vaults:2)
  3 vampire knights (Crypt:1)
  2 bunyips
  2 eidola (Crypt:1)
  3 deep elf death magi (Crypt:1)
  Snorg (D:10)
  3 jiangshi (Crypt:1)
  2 fire dragons
  A crystal guardian (Vaults:2)
  A shambling mangrove (Swamp:2)
  An entropy weaver (Vaults:2)
  5 yaktaur captains
  2 great orbs of eyes (Vaults:2)
  A deep elf high priest (Vaults:1)
  A salamander tyrant (Snake:4)
  3 peacekeepers (Vaults:2)
  2 ice dragons
  21 hydras
  A death knight (Crypt:1)
  3 ironbound frosthearts
  9 centaur warriors
  6 alligators
  3 boulder beetles
  A ghost crab (Swamp:2)
  An ogre mage (D:15)
  21 anacondas
  8 two-headed ogres
  A catoblepas (Lair:4)
  A vampire mage (Crypt:1)
  22 naga warriors
  2 tengu warriors
  4 death yaks (Lair:5)
  Urug (D:13)
  12 naga sharpshooters
  4 shock serpents
  3 skysharks
  Lodul (D:13)
  7 salamander mystics
  Amaemon (Lair:2)
  11 skeletal warriors
  21 deep trolls
  3 spriggan druids (Swamp:4)
  A tengu zombie (Vaults:2)
  2 goliath frogs (Swamp:3)
  A bog body (Swamp:3)
  A shadow dragon zombie (Crypt:1)
  A quicksilver dragon simulacrum (Crypt:1)
  9 naga ritualists
  4 necromancers
  14 lindwurms
  8 swamp dragons
  A wizard (Vaults:2)
  6 deep elf pyromancers
  5 phantasmal warriors
  3 ironbound convokers
  2 wolf spider zombies (D:15)
  4 orc knights
  10 mana vipers
  A shadow dragon skeleton (Crypt:1)
  2 oklob plants
  16 salamanders
  2 will-o-the-wisps
  24 ugly things
  2 moths of wrath (Snake:4)
  An orc sorcerer (D:15)
  A salamander (shapeshifter) (D:15)
  5 cyclopes
  2 human skeletons (Vaults:2)
  9 manticores
  40 black mambas
  5 vault sentinels
  23 elephants
  7 guardian serpents
  4 torpor snails
  16 naga magi
  A centaur skeleton (D:15)
  An orange demon (Lair:2)
  8 cane toads
  7 rime drakes
  An unseen horror (D:8)
  2 gargoyles
  2 unseen horror zombies (D:8)
  3 freezing wraiths (Crypt:1)
  Maggie (Lair:2)
  12 komodo dragons
  26 yaktaurs
  2 tengu conjurers
  A purple draconian skeleton (Crypt:1)
  3 harpy zombies
  2 polar bears (Lair:2)
  6 trolls
  13 tyrant leeches
  3 meliai (D:15)
  A guardian serpent zombie (Crypt:1)
  A wolf spider simulacrum (D:10)
  13 blink frogs
  12 hornets
  A tarantella zombie (Crypt:1)
  A stone giant simulacrum (Vaults:2)
  41 slime creatures
  A vampire (D:11)
  5 wraiths
  14 yaks
  3 spriggans
  16 humans (D:13)
  A hog (shapeshifter) (D:13)
  8 wyverns
  9 basilisks
  9 vampire mosquitoes
  2 steam dragons
  2 redbacks (Vaults:2)
  4 wargs (Orc:1)
  41 nagas
  14 swamp worms
  11 water moccasins
  7 swamp drakes (Swamp:4)
  5 acid dragons
  26 orc warriors
  2 sky beasts
  2 black bears
  An ice beast (D:7)
  8 ogres
  5 boggarts
  18 centaurs
  6 wolves (Lair:1)
  A salamander zombie (Crypt:1)
  5 kobold brigands
  11 bullfrogs
  5 necrophages
  A gnoll sergeant (D:5)
  3 scorpions
  6 wights
  5 killer bees (D:10)
  6 electric eels
  A howler monkey (D:7)
  2 centaur zombies
  A human simulacrum (Vaults:2)
  A human zombie (D:8)
  A gnoll bouda (D:5)
  9 orc priests
  3 hounds
  4 jellies
  5 iguanas
  12 orc wizards
  A killer bee zombie (D:8)
  A naga zombie (Crypt:1)
  3 mummies (D:8)
  15 gnolls
  A steam dragon zombie (Crypt:1)
  8 adders
  A shadow imp (D:5)
  A steam dragon skeleton (Crypt:1)
  2 white imps
  3 worms
  4 dart slugs
  53 orcs
  9 ball pythons
  8 endoplasms
  7 giant cockroaches
  19 goblins
  16 hobgoblins
  2 jackals (Sewer)
  14 kobolds
  5 quokkas
  A ball python skeleton (Crypt:1)
  7 bats
  A frilled lizard (D:1)
  A frilled lizard skeleton (Crypt:1)
  7 rats
  2 spectral weapons (Vaults:1)
1142 creatures vanquished.

Vanquished Creatures (collateral kills)
  An orc warlord (Bailey)
  2 torpor snails (Lair:5)
  A kobold demonologist (D:11)
  A polar bear (Lair:3)
  A basilisk (Lair:3)
  4 yaks (Lair:3)
  A water moccasin (Lair:3)
  A kobold brigand (D:11)
12 creatures vanquished.

Vanquished Creatures (others)
  2 bog bodies (Swamp:2)
  3 bloated husks
  14 foxfires
19 creatures vanquished.

Grand Total: 1173 creatures vanquished

Notes
Turn   | Place    | Note
-------+----------+-------------------------------------------
     0 | D:1      | rjrrt the Minotaur Berserker began the quest for the Orb.
     0 | D:1      | Reached XP level 1. HP: 19/19 MP: 0/0
    50 | D:1      | Reached skill level 4 in Axes
   109 | D:1      | Reached XP level 2. HP: 26/26 MP: 1/1
   476 | D:1      | Reached skill level 5 in Axes
   488 | D:1      | Found Qoly's Antique Armour Emporium.
   546 | D:1      | Reached XP level 3. HP: 31/31 MP: 2/2
  1083 | D:2      | Found Nuivonar's Weapon Shop.
  1175 | D:2      | Reached ** piety under Trog
  1197 | D:2      | Found Liqikhlas's Jewellery Emporium.
  1726 | D:2      | Found Wenicext's Magic Scroll Emporium.
  1731 | D:2      | Bought a scroll of teleportation for 33 gold pieces
  1731 | D:2      | Bought a scroll of fear for 44 gold pieces
  1731 | D:2      | Bought a scroll of identify for 22 gold pieces
  1805 | D:3      | Reached skill level 6 in Axes
  1805 | D:3      | Reached XP level 4. HP: 32/39 MP: 3/3
  2342 | D:4      | Reached XP level 5. HP: 43/43 MP: 4/4
  2415 | D:4      | Reached skill level 7 in Axes
  2698 | D:4      | Reached skill level 8 in Axes
  2700 | D:4      | Reached XP level 6. HP: 33/51 MP: 2/5
  3280 | D:4      | Reached skill level 9 in Axes
  3492 | D:5      | Entered Level 5 of the Dungeon
  3500 | D:5      | Reached XP level 7. HP: 57/57 MP: 4/6
  3534 | D:5      | Found a glowing drain.
  3562 | Sewer    | Entered a sewer
  3642 | Sewer    | Reached skill level 10 in Axes
  3762 | D:5      | Reached *** piety under Trog
  3799 | D:5      | Found a staircase to the Ecumenical Temple.
  3883 | D:5      | Reached skill level 11 in Axes
  4159 | D:5      | Reached XP level 8. HP: 64/64 MP: 7/7
  4241 | D:5      | Found an ornate altar of the Wu Jian Council.
  4651 | D:6      | Reached skill level 12 in Axes
  4660 | D:6      | Found a snail-covered altar of Cheibriados.
  4768 | D:6      | Found Vumub's Distillery.
  4776 | D:6      | Bought a potion of enlightenment for 65 gold pieces
  4776 | D:6      | Bought a potion of might for 52 gold pieces
  4950 | D:7      | Reached skill level 5 in Fighting
  5005 | D:7      | Reached skill level 1 in Evocations
  5231 | D:7      | Identified the +1 ring mail of Privacy {rC+ Int+2 Slay+3}
  5374 | D:7      | Found an ancient bone altar of Kikubaaqudgha.
  5489 | D:8      | Reached skill level 5 in Armour
  5489 | D:8      | Reached **** piety under Trog
  5490 | D:8      | Reached XP level 9. HP: 55/75 MP: 8/8
  5518 | D:8      | Found a flagged portal.
  5541 | Bailey   | Entered a bailey
  5710 | Bailey   | Noticed an orc knight
  5746 | Bailey   | Killed an orc knight
  5859 | Bailey   | Reached skill level 13 in Axes
  5877 | Bailey   | Noticed an orc warlord
  5918 | Bailey   | Killed an orc warlord
  5919 | Bailey   | Reached skill level 5 in Dodging
  5919 | Bailey   | Reached XP level 10. HP: 88/88 MP: 9/9
  5960 | Bailey   | Noticed an orc knight
  5983 | Bailey   | Killed an orc knight
  6109 | Bailey   | Acquired the +3 hat of the Dice {rElec}
  6545 | D:8      | Noticed a skeletal warrior
  6545 | D:8      | Noticed a two-headed ogre
  6545 | D:8      | Noticed a centaur warrior
  6566 | D:8      | Killed a skeletal warrior
  6571 | D:8      | Killed a centaur warrior
  6572 | D:8      | Reached skill level 14 in Axes
  6757 | D:8      | Found a basalt altar of Yredelemnul.
  6772 | D:8      | Reached XP level 11. HP: 90/97 MP: 10/10
  6898 | D:8      | Found a stormy altar of Qazlal.
  7087 | D:8      | Noticed a two-headed ogre
  7093 | D:8      | Killed a two-headed ogre
  7094 | D:8      | Reached skill level 1 in Shields
  7275 | D:9      | Found a shimmering altar of Xom.
  7336 | D:9      | Reached ***** piety under Trog
  7346 | D:9      | Paralysed by a hornet for 3 turns
  7535 | D:9      | Found a glowing silver altar of Zin.
  7916 | D:10     | Entered Level 10 of the Dungeon
  8006 | D:10     | Noticed Snorg
  8019 | D:10     | Killed Snorg
  8020 | D:10     | Reached skill level 15 in Axes
  8124 | D:10     | Noticed a cyan ugly thing
  8145 | D:10     | Killed a cyan ugly thing
  8545 | D:10     | Found a staircase to the Orcish Mines.
  8792 | D:8      | Killed a two-headed ogre
  9020 | D:1      | Bought an embroidered cloak for 157 gold pieces
  9292 | Orc:1    | Entered Level 1 of the Orcish Mines
  9292 | Orc:1    | Found Foog's Distillery.
  9314 | Orc:1    | Bought a potion of degeneration for 15 gold pieces
  9342 | Orc:1    | Reached skill level 10 in Fighting
  9408 | Orc:1    | Noticed an orc knight
  9425 | Orc:1    | Killed an orc knight
  9426 | Orc:1    | Reached skill level 10 in Armour
  9808 | Orc:2    | Entered Level 2 of the Orcish Mines
  9855 | Orc:2    | Noticed an orc high priest
  9857 | Orc:2    | Noticed a sun demon
  9921 | D:11     | Reached XP level 12. HP: 106/106 MP: 11/11
  9930 | D:11     | Received a gift from Trog
 10015 | D:11     | Reached skill level 16 in Axes
 10219 | D:11     | Noticed a boulder beetle
 10231 | D:11     | Killed a boulder beetle
 10314 | D:11     | Found a staircase to the Lair.
 10466 | D:11     | Found a snail-covered altar of Cheibriados.
 10642 | Lair:1   | Entered Level 1 of the Lair of Beasts
 10697 | Lair:1   | Reached skill level 5 in Shields
 11453 | Lair:2   | Noticed Maggie
 11463 | Lair:2   | Killed Maggie
 11586 | Lair:2   | Reached skill level 17 in Axes
 11731 | Lair:2   | Noticed Amaemon
 11749 | Lair:2   | Killed Amaemon
 11988 | Lair:2   | Found a staircase to the Snake Pit.
 12003 | Lair:2   | Reached XP level 13. HP: 116/116 MP: 12/12
 12445 | Lair:3   | Identified the +6 quarterstaff of Jeluegaa {antimagic, rC+
                  | Will+ Str+4 Stlth+} (Trog gifted it to you on level 3 of
                  | the Lair of Beasts)
 12445 | Lair:3   | Received a gift from Trog
 12915 | Lair:3   | Found a staircase to the Swamp.
 13095 | Lair:3   | Reached skill level 18 in Axes
 13125 | Lair:3   | Reached skill level 10 in Dodging
 13505 | Lair:4   | Found a viscous altar of Jiyva.
 13506 | Lair:4   | Found a staircase to the Slime Pits.
 14268 | Lair:5   | Entered Level 5 of the Lair of Beasts
 14341 | Lair:5   | Reached XP level 14. HP: 83/127 MP: 13/13
 14544 | Lair:5   | Found a runed translucent door.
 14565 | Lair:5   | Received a gift from Trog
 14642 | Lair:5   | Found a burning altar of Makhleb.
 14647 | Lair:5   | Identified the +9 battleaxe "Zoolidgh" {venom, Drain rElec
                  | rPois Str+3}
 14745 | Lair:5   | Reached skill level 19 in Axes
 15931 | D:12     | Identified the +5 quarterstaff of the Insatiable Violins
                  | {flame, rElec rN+ Str-2} (Trog gifted it to you on level 12
                  | of the Dungeon)
 15931 | D:12     | Received a gift from Trog
 16760 | D:12     | Reached skill level 10 in Shields
 17116 | D:13     | Noticed Lodul
 17116 | D:13     | Found a gate to the Vaults.
 17157 | D:13     | Noticed Urug
 17169 | D:13     | Killed Urug
 17170 | D:13     | Reached skill level 20 in Axes
 17285 | D:13     | Reached XP level 15. HP: 137/137 MP: 14/14
 17598 | D:13     | Received a gift from Trog
 17610 | D:13     | Killed Lodul
 19284 | D:15     | Entered Level 15 of the Dungeon
 19425 | D:15     | Received a gift from Trog
 19522 | D:15     | Reached skill level 21 in Axes
 19524 | D:15     | Paralysed by something for 2 turns
 19659 | D:15     | Found a staircase to the Depths.
 20314 | Swamp:1  | Entered Level 1 of the Swamp
 20329 | Swamp:1  | Received a gift from Trog
 20539 | Swamp:2  | Reached XP level 16. HP: 108/147 MP: 15/15
 20540 | Swamp:2  | Noticed Nikola
 20713 | Swamp:2  | Found a runed translucent gate.
 20781 | Swamp:2  | Found a runed translucent gate.
 20781 | Swamp:2  | Found a runed translucent gate.
 20782 | Swamp:2  | Noticed soul19's ghost (adept GnIE)
 20832 | Swamp:2  | Killed soul19's ghost
 20955 | Swamp:2  | Killed Nikola
 20956 | Swamp:2  | Reached skill level 15 in Fighting
 21379 | Swamp:3  | Reached skill level 15 in Armour
 21449 | Swamp:3  | Noticed Mlioglotl
 21462 | Swamp:3  | Killed Mlioglotl
 21793 | Swamp:3  | Noticed a thorn hunter
 21818 | Swamp:3  | Killed a thorn hunter
 22016 | Swamp:4  | Entered Level 4 of the Swamp
 22146 | Swamp:4  | Found a transporter.
 22180 | Swamp:4  | Found a transporter.
 22185 | Swamp:4  | Noticed HilariousDeathArtist's ghost (adept HOAr)
 22240 | Swamp:4  | Reached skill level 22 in Axes
 22686 | Swamp:4  | Got a decaying rune of Zot
 22721 | Swamp:4  | Received a gift from Trog
 22954 | Swamp:4  | Reached ****** piety under Trog
 22967 | Swamp:4  | Noticed a tentacled monstrosity
 22980 | Swamp:4  | Killed a tentacled monstrosity
 23013 | Swamp:4  | Identified the +7 plate armour "Hasketia" {Fly rPois Str+2
                  | Int+2}
 23208 | Snake:1  | Entered Level 1 of the Snake Pit
 23357 | Snake:1  | Reached skill level 5 in Evocations
 23716 | Snake:1  | Reached XP level 17. HP: 158/158 MP: 16/16
 23886 | Snake:1  | You are sucked into a shaft and drop 1 floor!
 23903 | Snake:2  | Found Omutrurgh's Jewellery Boutique.
 23914 | Snake:2  | Found Neugaf's Jewellery Emporium.
 23935 | Snake:2  | Bought the ring of Abuakh {rPois rF+ EV+5 Str+5 Int-2} for
                  | 1028 gold pieces
 23988 | Snake:2  | Bought the ring of Siekeoce {+Blink rC+ rCorr MP+9 Str+2}
                  | for 609 gold pieces
 24203 | Snake:2  | Found Xotas's Antique Armour Shoppe.
 24882 | Snake:2  | Found Pexet's Book Emporium.
 24920 | Snake:2  | Identified the +3 robe of Least Resistance {rPois rF++ rC-
                  | Str+3}
 25010 | Snake:2  | Received a gift from Trog
 26345 | Snake:4  | Entered Level 4 of the Snake Pit
 26540 | Snake:4  | Noticed Pairoch's ghost (journeyman DsFi)
 26542 | Snake:4  | Found a bloodstained altar of Trog.
 26556 | Snake:4  | Found a transporter.
 26561 | Snake:4  | Found a transporter.
 26648 | Snake:4  | Killed Pairoch's ghost
 26689 | Snake:4  | Identified the +4 hat of Existentialism {rElec rF+ Str+2}
 26862 | Snake:4  | Reached skill level 15 in Dodging
 26976 | Snake:4  | Reached XP level 18. HP: 169/169 MP: 17/17
 27285 | Snake:4  | Received a gift from Trog
 27451 | Snake:4  | Noticed Vashnia
 27512 | Snake:4  | Killed Vashnia
 27694 | Snake:4  | Got a serpentine rune of Zot
 28185 | Vaults:1 | Entered Level 1 of the Vaults
 29030 | Vaults:1 | Noticed Asterion
 29035 | Vaults:1 | Received a gift from Trog
 29040 | Vaults:1 | Killed Asterion
 29359 | Vaults:1 | Identified the +7 arbalest of the Shifting Puffin
                  | {antimagic, Str+2}
 29698 | Vaults:2 | Reached skill level 15 in Shields
 29959 | Vaults:2 | Identified the +6 glaive of Death {heavy, Str+4 SInv} (Trog
                  | gifted it to you on level 2 of the Vaults)
 29959 | Vaults:2 | Received a gift from Trog
 30112 | Vaults:2 | Reached XP level 19. HP: 167/180 MP: 18/18
 30303 | Vaults:2 | Found a staircase to the Crypt.
 30303 | Vaults:2 | Found an ancient bone altar of Kikubaaqudgha.
 30303 | Vaults:2 | Found a basalt altar of Yredelemnul.
 30662 | Crypt:1  | Entered Level 1 of the Crypt
 30960 | Crypt:1  | Received a gift from Trog
 31138 | Crypt:1  | Identified the +0 dagger of Bodily Harmony {freeze, rPois
                  | rF- Str+2 Int+8}
 31342 | Crypt:1  | Noticed Zenata
 31358 | Crypt:1  | HP: 10/262 [+5 antimagic glaive[Zenata] (16)]
 31360 | Crypt:1  | Slain by a +3 halberd of distortion

Illustrated notes

Levels and vault maps discovered:
D:1:      elethiomel_arrival_shortcut, layout_basic, serial_shops, shop
D:2:      layout_loops_corners, serial_shops, shop,
          nicolae_shop_back_alley_shop, shop
D:3:      layout_rooms, st_stairs_8, grunt_ministairs_14
D:4:      layout_basic, minmay_distorted
D:5:      layout_rooms, nzn_wu_jian_contemplation, temple_green,
          portal_sewer_entry_f
D:6:      layout_cave_pools, mainiacjoe_overflow_paths, serial_shops, shop
D:7:      layout_basic, mainiacjoe_overflow_chevrons, kennysheep_generic_room_13
D:8:      minmay_blocky_corners, layout_loops_cross,
          lemuel_mausoleum_altar_yredelemnul, lemuel_doored_altar,
          enter_bailey_3
D:9:      layout_roguey, mainiacjoe_overflow_alcove_2, lemuel_tele_altar
D:10:     layout_irregular_city, david_orc_1_choice, uniq_snorg
D:11:     layout_rooms, lair_entry_dummy, cheibrodos_worm_habitat
D:12:     nicolae_hexawheel, layout_irregular_city, serial_bayou,
          serial_bayou_pond_d, serial_bayou_shore_a, serial_bayou_crossing,
          serial_bayou_pond_c
D:13:     layout_stronghold, david_vaults_3, corexii_corridor_pit, uniq_urug
D:14:     layout_gridville, minmay_misc_feat_chi, minmay_unpleasant_kobolds
D:15:     grunt_enter_depths_magical_seal, layout_loops_ring,
          nicolae_twisting_strands, nrook_mini_backslash
Lair:1:   dreamdust_cave_troll, layout_regular_city, grunt_megastairs_2,
          infiniplex_staircase_pool
Lair:2:   layout_chaotic_city, minmay_snake_entry_guardpost_small, uniq_maggie,
          uniq_amaemon
Lair:3:   dragon1_lemuel, layout_cave_pods, minmay_swamp_entry_worms,
          grunt_forest_large_clearings
Lair:4:   layout_loops_ring, nicolae_slime_entry_field_trip, grunt_megastairs_3
Lair:5:   wormcave, layout_hall_layers, guppyfry_lair_end_dragon, basic_altar,
          chequers_serial_rivers_micro_e, serial_bayou_shore_b,
          grunt_megastairs_5
Swamp:1:  layout_basic_swamp, nicolae_swamp_trees_clearing
Swamp:2:  layout_basic_swamp, ebering_ghost_rock_garden,
          evilmike_swamp_ruin_house_3, uniq_nikola
Swamp:3:  layout_falls_marsh, evilmike_swamp_ruin_house_2, uniq_mlioglotl
Swamp:4:  swamp, layout_basic_swamp, gammafunk_ghost_mausoleum
Snake:1:  layout_grid_maze
Snake:2:  layout_onion, serial_shops, shop, nicolae_shop_tiny_glass,
          nicolae_shop_tiny_glass, shop, nicolae_snake_gridmaze_big_u,
          nicolae_snake_snakes_in_the_grass
Snake:3:  layout_chambers, st_stairs_9, nicolae_coiled_stairwell_up,
          serial_bayou_shore_b
Snake:4:  grunt_snake_rune_serpentine_throne, layout_grid_shapes,
          gammafunk_ghost_wrathful_warriors, lemuel_fruit_tree
Orc:1:    layout_caves, serial_shops, nicolae_shop_peninsula
Orc:2:    st_orc_mages, layout_caves, serial_shops, nicolae_shop_trees,
          ebering_ghost_disaster_area
Vaults:1: grunt_vaults_twisty, nicolae_vaults_house_1,
          nicolae_vaults_little_squares_6, nicolae_vaults_storage_closets_1,
          nicolae_vaults_shipping_containers_2, nicolae_vaults_triangles,
          v_misc_23, nicolae_vaults_double_plus_1,
          nicolae_vaults_closet_pinwheel_6, nicolae_vaults_yaktaur_gun_rack,
          ontoclasm_vaults_ring_large, nicolae_vaults_circle_grid_a,
          nicolae_vaults_shelves_hall, vaults_room_corners,
          nicolae_vaults_trapezoid_lopsided_3, layout_vaults_omnibox,
          uniq_asterion
Vaults:2: nicolae_vaults_puzzle_piece, v_misc_26, minmay_crypt_entry_necro_gods,
          nicolae_vaults_back_hallway, ontoclasm_vaults_ring_large,
          ontoclasm_vaults_misaligned, vaults_room_boxed,
          nicolae_vaults_double_plus_1, nicolae_vaults_theta,
          hangedman_vaults_cutoff, v_misc_2, nicolae_vaults_more_shelving_1,
          nicolae_vaults_angled_halls, nicolae_vaults_theta, layout_vaults_maze
Crypt:1:  layout_gridlike, lemuel_nasty_fountain, uniq_zenata

Skill      XL: |  1  2  3  4  5  6  7  8  9 10 11 12 13 14 15 16 17 18 19 |
---------------+----------------------------------------------------------+-----
Axes           | 4 5 6 8 9 11 12 13 14 15 17 18 20 21 22 | 22.4
Fighting       | 5 7 9 10 11 12 13 14 16 17 18 19 | 19.4
Armour         | 5 7 8 10 11 12 13 14 15 17 18 | 18.7
Evocations     | 2 4 5 7 8 9 |  9.6
Dodging        | 5 6 8 9 10 11 12 13 15 16 | 16.6
Shields        | 4 6 8 10 12 14 15 16 | 16.0

Action                     |  1- 3 |  4- 6 |  7- 9 | 10-12 | 13-15 | 16-18 | 19-21 || total
---------------------------+-------+-------+-------+-------+-------+-------+-------++-------
  Melee: Hand axe          |   100 |    67 |       |       |       |       |       ||   167
         Headbutt          |    15 |    17 |    37 |   115 |   225 |   260 |    59 ||   728
         War axe           |       |    36 |   237 |       |       |       |       ||   273
         Punch             |       |     1 |     3 |     1 |       |       |       ||     5
         Broad axe         |       |       |       |   461 |   902 |  1141 |   266 ||  2770
  Throw: Javelin           |       |     4 |       |     2 |    11 |     3 |       ||    20
 Invoke: Berserk           |       |     3 |     3 |     5 |     4 |     5 |     1 ||    21
         Brothers in Arms  |       |       |     1 |     1 |     2 |       |       ||     4
    Use: Scroll            |     2 |     8 |    10 |     6 |       |     7 |     1 ||    34
   Stab: Sleeping          |     1 |       |       |       |       |       |       ||     1
 Armour: Animal skin       |    16 |       |       |       |       |       |       ||    16
         Ring mail         |    40 |    21 |    47 |   314 |   655 |    13 |       ||  1090
         Scale mail        |       |    30 |       |       |       |       |       ||    30
         Chain mail        |       |    17 |     7 |       |       |       |       ||    24
         Plate armour      |       |       |   104 |       |       |   649 |   236 ||   989
  Dodge: Dodged            |    49 |    37 |    93 |   227 |   485 |   530 |   187 ||  1608
  Block: Buckler           |       |       |       |    56 |   161 |       |       ||   217
         Kite shield       |       |       |       |       |   126 |   682 |   204 ||  1012

Table legend: (Time is in decaauts)
 A = Elapsed time spent in this place.
 B = Non-inter-level travel time spent in this place.
 C = Inter-level travel time spent in this place.
 D = Time resting spent in this place.
 E = Time spent auto-exploring this place.
 F = Levels seen in this place.
 G = Mean time per level.
                   A        B        C        D        E       F      G
               +--------+--------+--------+--------+--------+-----+--------+
         Total |  31341 |  29318 |   2023 |   2941 |  14672 |  35 |  895.5 |
       Dungeon |  13666 |  12591 |   1075 |    954 |   8113 |  15 |  911.1 |
          Lair |   5433 |   4965 |    468 |    473 |   2647 |   5 | 1086.6 |
         Swamp |   2912 |   2802 |    110 |    849 |    359 |   4 |  728.0 |
     Snake Pit |   4731 |   4480 |    251 |    306 |   1941 |   4 | 1182.8 |
  Orcish Mines |    582 |    520 |     62 |      2 |    250 |   2 |  291.0 |
        Vaults |   2489 |   2434 |     55 |     72 |   1204 |   2 | 1244.5 |
         Crypt |    707 |    707 |      0 |    183 |    102 |   1 |  707.0 |
         Sewer |    189 |    189 |      0 |     32 |     16 |   1 |  189.0 |
        Bailey |    628 |    628 |      0 |     67 |     40 |   1 |  628.0 |
               +--------+--------+--------+--------+--------+-----+--------+

Top non-repeatable levels by time:
 Snake:4: 1530 daAuts
    D:12: 1446 daAuts
     D:4: 1384 daAuts
  Lair:5: 1382 daAuts
Vaults:1: 1296 daAuts
  Lair:3: 1295 daAuts
Vaults:2: 1192 daAuts
 Snake:3: 1149 daAuts
 Snake:1: 1140 daAuts
     D:2: 1087 daAuts
     D:8: 1060 daAuts
 Swamp:4: 1052 daAuts
    D:14: 1016 daAuts
 Swamp:2: 987 daAuts
    D:13: 974 daAuts
